 Dungeon Crawl Stone Soup version 0.31.0-11-ge490571c62 (webtiles) character file.

Game seed: 14942889449979064377

15 HeliumTrimp the Chiller (level 2, 24/24 HPs)
             Began as an Oni Ice Elementalist on Feb 2, 2024.
             Got out of the dungeon alive.
             The game lasted 00:01:55 (905 turns).

HeliumTrimp the Chiller (Oni Ice Elementalist)       Turns: 905, Time: 00:01:56

Health: 24/24      AC:  3    Str: 11    XL:     2   Next: 50%
Magic:  5/5        EV:  9    Int: 16    God:
Gold:   99         SH:  0    Dex:  9    Spells: 5/6 levels left

rFire   . . .        f - +0 whip
rCold   . . .        (no shield)
rNeg    . . .        a - +0 robe
rPois   .            (helmet restricted)
rElec   .            (no cloak)
rCorr   .            (gloves unavailable)
SInv    .            (boots unavailable)
Will    .....        (no amulet)
Stlth   +            (no ring)
HPRegen 0.24/turn    (no ring)
MPRegen 0.09/turn

%: no passive effects
@: no status effects
A: large, unfitting armour, horns 1, tough skin 1, double potion healing,
drunken brawling
a: no special abilities


You escaped.
You visited 1 branch of the dungeon, and saw 1 of its levels.

You collected 99 gold pieces.

Inventory:

Hand Weapons
 f - a +0 whip (weapon)
Armour
 a - a +0 robe (worn)
 h - a +0 pair of boots
Scrolls
 d - 2 scrolls of identify {unknown}
 e - a scroll of enchant armour {unknown}
 g - a scroll of teleportation {unknown}
 i - a scroll of blinking {unknown}
Potions
 b - 2 potions of magic
 c - a potion of degeneration {unknown}


   Skills:
 - Level 1.7 Dodging
 - Level 1.4 Stealth
 + Level 2.8 Spellcasting
 * Level 4.0 Ice Magic


You had 5 spell levels left.
You knew the following spells:

 Your Spells              Type           Power      Damage    Failure   Level
a - Freeze                Ice            60%        1d7       3%          1

Your spell library contained the following spells:

 Spells                   Type           Power      Damage    Failure   Level
 Frozen Ramparts          Ice            30%        1d5       11%         3
 Ozocubu's Armour         Ice            15%        N/A       11%         3
 Summon Ice Beast         Ice/Summ       8%         N/A       26%         3


Dungeon Overview and Level Annotations

Branches:
Dungeon (1/15)

Altars:


Innate Abilities, Weirdness & Mutations

You are too large for most types of armour.
You have a pair of small horns on your head.
You have tough skin. (AC +1)
You gain doubled healing and magic from potions.
Whenever you drink a healing potion, you attack all around you.


Message History

Found a scroll labelled OCIANINEYN.
The goblin hits you but does no damage. The rat barely misses you.
You barely miss the goblin. You headbutt the goblin.
You kill the goblin!
The rat barely misses you.
You barely miss the rat. You headbutt the rat.
You kill the rat!
No target in view!
g - a scroll labelled OCIANINEYN You see here a +0 dagger.
You now have 96 gold pieces (gained 11).
Found a scale mail.
There is a stone staircase leading down here.
There is an escape hatch in the floor here.
Found a pair of boots.
You see here a +0 pair of boots.
h - a +0 pair of boots
i - a scroll labelled SEED REIRA SYCS A goblin comes into view.
It is wielding a +0 dagger.
A goblin is nearby!
You see here 3 gold pieces.
You now have 99 gold pieces (gained 3).
Casting: Freeze (safe; 3% risk of failure)
Confirm with . or Enter, or press ? or * to list all spells.
You don't know that spell.
The helpless goblin fails to defend itself.
You hit the goblin.
You kill the goblin!
No target in view!
Things that are here:
a +0 dagger; a goblin corpse Done exploring.
Done exploring.
Done exploring.
You open the door.
There is an open door here.
There is an open door here.
There is an open door here.
There is a staircase leading out of the dungeon here.
You have escaped!

####......########### #.
#####....####...........#
#. ......####
##.########.########.
....### ##.# #..........
....# #.## ###........
....#
##.#########........
#####
#.###.#.#..#........ #
##.#.#.#g#..........
######
######@########........
.....## ###.#.#.#.##
#........
###...###..#.#.###.#
#........
##...#..#######.##
###....#. ####'#.#.##
##.# #....#. .........##
#.## #....#.
.......#..####
##.########....#.
.......##....##
#.#...........+.
####+#........##
#...####......##


There were no monsters in sight!

Vanquished Creatures
  A giant cockroach (D:1)
  3 goblins (D:1)
  3 hobgoblins (D:1)
  A quokka (D:1)
  3 ball pythons (D:1)
  A bat (D:1)
  A kobold (D:1)
  A rat (D:1)
14 creatures vanquished.

Notes
Turn   | Place    | Note
-------+----------+-------------------------------------------
     0 | D:1      | HeliumTrimp the Oni Ice Elementalist began the quest for
                  | the Orb.
     0 | D:1      | Reached XP level 1. HP: 16/16 MP: 3/3
   156 | D:1      | Reached XP level 2. HP: 19/24 MP: 0/5
   325 | D:1      | Found a faded altar of an unknown god.
   374 | D:1      | Reached skill level 4 in Ice Magic
   905 | D:$      | Got out of the dungeon alive.

Illustrated notes

Levels and vault maps discovered:
D:1:      reono_arrival_mine, layout_basic, basic_ecumenical_altar

Skill      XL: |  1  2 |
---------------+-------+-----
Ice Magic      | 4 |  4.0
Dodging        | |  1.7
Stealth        | |  1.4
Spellcasting   | |  2.8

Action                     || total
---------------------------++-------
  Melee: Dagger            ||     6
         Unarmed           ||     3
         Headbutt          ||     3
         Whip              ||     3
   Cast: Freeze            ||    15
   Stab: Sleeping          ||     2
 Armour: Robe              ||    23
  Dodge: Dodged            ||     8
